 Dungeon Crawl Stone Soup version 0.29-a0-1016-g236c7fd91e (webtiles) character file.

Game seed: 7342366568254797479

24053 flotson the Fighter (level 12, -6/95 HPs)
             Began as a Demonspawn Delver on Aug 9, 2022.
             Was an Initiate of Gozag.
             Shot with an arrow by a centaur warrior (8 damage)
             ... on level 10 of the Dungeon.
             The game lasted 00:36:19 (19142 turns).

flotson the Fighter (Demonspawn Delver)            Turns: 19142, Time: 00:36:20

Health: -6/95      AC: 14    Str: 18    XL:     12   Next: 77%
Magic:  12/12      EV: 33    Int: 12    God:    Gozag
Gold:   3029       SH: 11    Dex: 20    Spells: 11/11 levels left

rFire   . . .      SeeInvis .   a - +8 sling of Drought {freeze, Will+ Stlth+}
rCold   . . .      Faith    .   N - +0 kite shield
rNeg    . . .      Spirit   .   n - +0 ring mail
rPois   +          Reflect  .   Q - +1 helmet
rElec   .          Harm     .   o - +1 cloak {rPois}
rCorr   .          Rampage  .   k - +0 pair of gloves
Will    +....                   d - +0 pair of boots
Stlth   +++.......              A - amulet of the acrobat
HPRegen 0.25/turn               E - +6 ring of dexterity
MPRegen 0.13/turn               u - +4 ring of evasion

@: mighty, gold aura, acrobatic
A: foul stench 2, powered by pain 3, bedeviling, weakness stinger 2
a: Renounce Religion, Potion Petition, Call Merchant, Bribe Branch


You were on level 10 of the Dungeon.
You worshipped Gozag.
Gozag was most pleased with you.
You visited 3 branches of the dungeon, and saw 16 of its levels.

You collected 3112 gold pieces.
You paid 83 gold pieces to Gozag.

Inventory:

Hand Weapons
 a - the +8 sling of Drought (weapon) {freeze, Will+ Stlth+}
   (You found it on level 4 of the Dungeon)

   Any ammunition fired from it freezes those it strikes, dealing additional
   cold damage.
   It can also slow down cold-blooded creatures.
   Will:      It increases your willpower.
   Stlth:     It makes you more stealthy.
 b - a +1 whip of electrocution
Missiles
 z - 2 javelins
 C - 29 poisoned darts
 F - 2 curare-tipped darts
 K - 9 boomerangs
Armour
 d - a +0 pair of boots (worn)
 k - a +0 pair of gloves (worn)
 n - a +0 ring mail (worn)
 o - a +1 cloak of poison resistance (worn)
 N - a +0 kite shield (worn)
 Q - a +1 helmet (worn)
Jewellery
 l - a ring of magical power
 s - a ring of protection from cold
 u - a +4 ring of evasion (right hand)
 A - an amulet of the acrobat (around neck)
 E - a +6 ring of dexterity (left hand)
 L - a ring of ice
Wands
 e - a wand of polymorph (6)
 g - a wand of digging (9)
 w - a wand of flame (53)
 x - a wand of acid (3)
 O - a wand of mindburst (7)
 P - a wand of paralysis (4)
Scrolls
 c - 5 scrolls of fog
 h - 2 scrolls of vulnerability
 i - 7 scrolls of teleportation
 j - 2 scrolls of brand weapon
 t - a scroll of summoning
 y - 5 scrolls of magic mapping
 B - 3 scrolls of immolation
 D - 3 scrolls of poison
 G - 2 scrolls of blinking
 H - a scroll of torment
 R - a scroll of silence
Potions
 f - a potion of haste
 m - a potion of might
 p - 5 potions of attraction
 r - 3 potions of lignification
 I - 2 potions of curing
 J - 4 potions of mutation


   Skills:
 + Level 9.0 Fighting
 - Level 6.3(6.5) Axes
 - Level 1.7(4.4) Polearms
 + Level 7.5 Ranged Weapons
 - Level 6.0 Throwing
 + Level 7.5 Armour
 + Level 7.9 Dodging
 - Level 4.5 Stealth
 + Level 5.5 Shields
 + Level 8.2 Evocations


You had 11 spell levels left.
You didn't know any spells.
Your spell library contained the following spells:

 Spells                   Type           Power      Damage    Failure   Level
 Foxfire                  Conj/Fire      0%         2x1d4     83%         1
 Freeze                   Ice            0%         1d3       83%         1
 Blink                    Tloc           0%         N/A       92%         2
 Scorch                   Fire           0%         2d5       92%         2
 Call Canine Familiar     Summ           0%         N/A       99%         3
 Conjure Flame            Conj/Fire      0%         6-21      99%         3
 Frozen Ramparts          Ice            0%         1d1       99%         3
 Ignite Poison            Fire/Tmut/Pois 0%         N/A       99%         3
 Portal Projectile        Hex/Tloc       0%         N/A       99%         3
 Summon Guardian Golem    Hex/Summ       0%         N/A       99%         3
 Cause Fear               Hex            0%         N/A       100%        4
 Hailstorm                Conj/Ice       0%         3d3       100%        4
 Ice Form                 Ice/Tmut       0%         N/A       100%        4
 Leda's Liquefaction      Hex/Erth       0%         N/A       100%        4
 Sticky Flame             Conj/Fire      0%         2d3       100%        4
 Summon Ice Beast         Ice/Summ       0%         N/A       100%        4
 Borgnjor's Vile Clutch   Necr/Erth      0%         N/A       100%        5
 Manifold Assault         Tloc           0%         N/A       100%        5
 Death Channel            Necr           0%         N/A       100%        6
 Eringya's Noxious Bog    Tmut/Pois      0%         N/A       100%        6
 Dragon Form              Tmut           0%         N/A       100%        7
 Orb of Destruction       Conj           0%         9d5       100%        7
 Spellforged Servitor     Conj/Summ      0%         N/A       100%        7
 Storm Form               Tmut/Air       0%         N/A       100%        7
 Dragon's Call            Summ           0%         N/A       100%        9
 Animate Dead             Necr           Unusable   N/A       N/A         4

Dungeon Overview and Level Annotations

Branches:
Dungeon (13/15)            Temple (1/1) D:5            Lair (2/5) D:9
  Swamp (0/4) Lair:2        Snake (0/4) Lair:2          Orc (0/2) D:11
 Vaults: D:13-14

Altars:
Ashenzari
Cheibriados
Dithmenos
Fedhas
Gozag
Hepliaklqana
Kikubaaqudgha
Makhleb
Nemelex Xobeh
Okawaru
Qazlal
Ru
Sif Muna
Trog
Uskayaw
Vehumet
Wu Jian
Xom
Yredelemnul

Annotations:
D:6 2 runed translucent doors, Pooter's ghost, novice MiBe
Temple 4 transporters


Innate Abilities, Weirdness & Mutations

You sometimes emit foul miasma when damaged in melee.
You are powered by pain.
Your hexes are more powerful.
You have a tail ending in a sharp stinger.


Message History

The sling bullet freezes the centaur warrior.
The centaur warrior is moderately wounded.
The centaur warrior shoots an arrow.
You block the arrow.
The centaur warrior shoots an arrow.
The arrow hits you but does no damage.
Unknown command.
Unknown command.
You shoot a sling bullet.
The sling bullet hits the centaur warrior!
The sling bullet freezes the centaur warrior.
The centaur warrior is severely wounded.
You hear a shout!
The centaur warrior shoots an arrow.
The arrow closely misses you.
You shoot a sling bullet. The sling bullet hits the orc wizard!
The sling bullet freezes the orc wizard.
You kill the orc wizard!
The centaur warrior shoots an arrow.
The arrow hits you.
Unknown command.
Unknown command.
Unknown command.
You shoot a sling bullet.
The sling bullet hits the centaur warrior.
The sling bullet freezes the centaur warrior.
The centaur warrior is almost dead.
The centaur warrior shoots an arrow.
You block the arrow.
The orc priest mumbles some strange prayers to Beogh against you.
Beogh smites you!
The centaur warrior shoots an arrow.
The arrow hits you!!
* * * LOW HITPOINT WARNING * * *
You are too injured to fight recklessly!
Unknown command.
Unknown command.
Unknown command.
You are too injured to fight recklessly!
Unknown command.
The centaur warrior shoots an arrow.
The arrow hits you!!
* * * LOW HITPOINT WARNING * * *
The centaur warrior shoots an arrow.
You block the arrow.
The centaur warrior shoots an arrow.
You block the arrow.
The centaur warrior shoots an arrow.
The arrow hits you!
You die...
Your body crumbles into a pile of gold. ...##Jc .!. ..# .oo ##.W Wo.

##.. ... #..
..###..# # ...
#._ ###...#.#
...
#####....#.#
...
.###.#.......#
..$c...###)###
#.........#
#......@#.#
#...#####)#
##.. #.#
#..#####.#
#..$.....#
##$####### ..
##


You could see a centaur warrior.

Vanquished Creatures
  Harold (Lair:1)
  4 hydras
  A two-headed ogre (D:11)
  A death yak (D:9)
  Nergalle (D:11)
  A deep elf pyromancer (D:12)
  3 manticores (D:12)
  A cyclops (D:11)
  4 black mambas (Lair:2)
  2 unseen horrors (D:12)
  A gargoyle (D:10)
  5 komodo dragons
  A rime drake (Lair:2)
  A hornet (D:8)
  A slime creature (D:10)
  Prince Ribbit (D:8)
  4 trolls
  4 blink frogs (Lair:2)
  3 wyverns
  Sigmund (D:4)
  4 wraiths
  26 yaks
  6 vampire mosquitoes
  A basilisk (Lair:1)
  A warg (D:11)
  2 acid dragons
  14 water moccasins
  2 orc warriors
  2 black bears (D:8)
  2 ogres
  An ice beast (D:6)
  A sky beast (D:6)
  3 wolves (Lair:1)
  2 phantoms
  3 kobold brigands
  2 gnoll sergeants
  3 bullfrogs
  A scorpion (D:7)
  Dowan (D:4)
  17 killer bees
  A jelly (D:5)
  8 electric eels (D:10)
  5 howler monkeys
  5 hounds
  5 orc priests
  5 iguanas
  Terence (D:2)
  11 orc wizards
  17 gnolls
  9 adders
  3 white imps
  2 worms
  4 dart slugs
  44 orcs
  11 endoplasms
  3 giant cockroaches
  5 goblins
  5 hobgoblins
  3 quokkas
  6 ball pythons
  3 bats
  4 frilled lizards
  23 kobolds
  4 rats
  A spectral hobgoblin (D:2)
323 creatures vanquished.

Vanquished Creatures (others)
  An orc (D:11)
  A kobold (D:9)
  12 fungi
  22 plants
36 creatures vanquished.

Grand Total: 359 creatures vanquished

Notes
Turn   | Place    | Note
-------+----------+-------------------------------------------
     0 | D:5      | flotson the Demonspawn Delver began the quest for the Orb.
     0 | D:5      | Reached XP level 1. HP: 18/18 MP: 1/1
     1 | D:5      | Found a staircase to the Ecumenical Temple.
    10 | Temple   | Entered the Ecumenical Temple
    10 | Temple   | Found a transporter.
    10 | Temple   | Found a transporter.
    12 | Temple   | Found a transporter.
    12 | Temple   | Found a transporter.
    47 | D:5      | Noticed an ogre
   167 | D:5      | Noticed an orc priest
   167 | D:5      | Noticed an orc priest
   210 | D:4      | Identified the +8 sling of Drought {freeze, Will+ Stlth+}
   262 | D:3      | Found a sacrificial altar of Ru.
   270 | D:3      | Gained mutation: You have a small tail. [demonic ancestry]
   270 | D:3      | Reached XP level 2. HP: 24/24 MP: 2/2
   287 | D:3      | Reached skill level 1 in Evocations
   287 | D:3      | Gained mutation: You sometimes gain a little power by
                  | taking damage. [demonic ancestry]
   287 | D:3      | Reached XP level 3. HP: 24/29 MP: 3/3
   365 | D:3      | Reached skill level 1 in Ranged Weapons
   365 | D:3      | Reached skill level 1 in Armour
   435 | D:5      | Reached XP level 4. HP: 28/35 MP: 4/4
   742 | D:1      | You fall into a shaft and drop 1 floor!
   771 | D:2      | Gained mutation: You have a tail ending in a sharp stinger.
                  | [demonic ancestry]
   771 | D:2      | Reached XP level 5. HP: 41/42 MP: 5/5
  1559 | Temple   | Became a worshipper of Gozag Ym Sagoz the Greedy
  1936 | D:2      | Noticed Terence
  2074 | D:2      | Killed Terence
  2082 | D:2      | Reached skill level 4 in Fighting
  2275 | D:2      | Found a faded altar of an unknown god.
  2790 | D:3      | Reached XP level 6. HP: 48/48 MP: 6/6
  3209 | D:4      | Found a hide-covered altar of Uskayaw.
  3213 | D:4      | Noticed a +0 dagger
  3213 | D:4      | Noticed a +0 hand axe
  3226 | D:4      | Noticed a water moccasin
  3233 | D:4      | Killed a water moccasin
  3269 | D:4      | Reached skill level 1 in Throwing
  3431 | D:4      | Noticed Duvessa
  3431 | D:4      | Noticed Dowan
  3797 | D:4      | Reached skill level 1 in Axes
  3797 | D:4      | Gained mutation: You sometimes gain power by taking damage.
                  | [demonic ancestry]
  3797 | D:4      | Reached XP level 7. HP: 55/55 MP: 7/7
  3808 | D:4      | Noticed Sigmund
  3817 | D:4      | Killed Sigmund
  4290 | D:4      | Noticed Duvessa
  4290 | D:4      | Duvessa changed into Duvessa the orc
  4292 | D:4      | Killed Duvessa the orc
  4296 | D:4      | Killed Dowan
  4576 | D:4      | Found a snail-covered altar of Cheibriados.
  4915 | D:5      | Found a broken altar of Ashenzari.
  4919 | D:5      | Gained mutation: You may rarely emit foul miasma when
                  | damaged in melee. [demonic ancestry]
  4919 | D:5      | Reached XP level 8. HP: 61/61 MP: 8/8
  5339 | D:6      | Reached skill level 5 in Fighting
  5698 | D:6      | Found a large runed translucent door.
  5701 | D:6      | Found a large runed translucent door.
  5941 | D:6      | Found a burning altar of Makhleb.
  5973 | D:6      | Noticed Pooter's ghost (novice MiBe)
  5999 | D:6      | Found a shadowy altar of Dithmenos.
  6689 | D:8      | Found a bloodstained altar of Trog.
  6693 | D:8      | Gained mutation: You are powered by pain. [demonic
                  | ancestry]
  6693 | D:8      | Reached XP level 9. HP: 68/68 MP: 9/9
  6883 | D:8      | Found a stormy altar of Qazlal.
  7353 | D:8      | Noticed Prince Ribbit
  7359 | D:8      | Killed Prince Ribbit
  7371 | D:8      | Reached skill level 5 in Dodging
  7378 | D:8      | Reached skill level 6 in Fighting
  8278 | D:9      | Reached skill level 5 in Evocations
  8465 | D:9      | Found an ornate altar of the Wu Jian Council.
  8619 | D:9      | Found a blossoming altar of Fedhas.
  8819 | D:9      | Gained mutation: You sometimes emit foul miasma when
                  | damaged in melee. [demonic ancestry]
  8819 | D:9      | Reached XP level 10. HP: 59/77 MP: 10/10
  9224 | D:9      | Found a staircase to the Lair.
  9346 | D:9      | Reached skill level 5 in Armour
  9463 | D:10     | Entered Level 10 of the Dungeon
  9510 | D:10     | Reached skill level 5 in Ranged Weapons
  9529 | D:10     | Reached skill level 1 in Shields
  9760 | D:10     | Found a basalt altar of Yredelemnul.
  9771 | D:10     | Noticed a gargoyle
  9791 | D:10     | Killed a gargoyle
 10314 | D:10     | Found a radiant altar of Vehumet.
 10360 | D:10     | Reached skill level 7 in Fighting
 11033 | D:10     | Reached skill level 5 in Throwing
 11036 | D:10     | Reached skill level 5 in Axes
 11550 | D:11     | Noticed Nergalle
 12244 | D:11     | Found a staircase to the Orcish Mines.
 12275 | D:11     | Killed Nergalle
 12276 | D:11     | Gained mutation: Your hexes are more powerful. [demonic
                  | ancestry]
 12276 | D:11     | Reached XP level 11. HP: 53/84 MP: 11/11
 13079 | D:12     | HP: 4/84 [manticore (15)]
 13426 | D:12     | Noticed a six-headed hydra
 13442 | D:11     | Noticed a two-headed ogre
 13449 | D:11     | HP: 4/84 [two-headed ogre/+0 giant spiked club (7)]
 13455 | D:11     | Killed a two-headed ogre
 13891 | Lair:1   | Entered Level 1 of the Lair of Beasts
 13951 | Lair:1   | Noticed a six-headed hydra
 13960 | Lair:1   | Killed a six-headed hydra
 14332 | Lair:1   | Noticed Harold
 14369 | Lair:1   | Killed Harold
 14661 | Lair:1   | Got the Spellbook of Scorching Pestilence
 15429 | Lair:2   | Found a staircase to the Swamp.
 15574 | Lair:1   | Reached skill level 8 in Fighting
 15924 | Lair:2   | Reached XP level 12. HP: 63/92 MP: 12/12
 16089 | Lair:2   | Noticed a five-headed hydra
 16096 | Lair:2   | Killed a five-headed hydra
 16365 | Lair:2   | Found a staircase to the Snake Pit.
 17099 | Lair:2   | Noticed a death yak
 17099 | Lair:2   | Noticed a death yak
 17100 | Lair:2   | Noticed a death yak
 17495 | D:9      | Killed a death yak
 17997 | D:12     | Reached skill level 5 in Shields
 18192 | D:12     | Killed a six-headed hydra
 18724 | D:13     | Noticed a five-headed hydra
 18746 | D:13     | Killed a five-headed hydra
 18747 | D:13     | Reached skill level 9 in Fighting
 18902 | D:10     | Found a shimmering altar of Xom.
 18902 | D:10     | Noticed a centaur warrior
 19140 | D:10     | HP: 1/95 [centaur warrior/arrow (18)]
 19142 | D:10     | Shot with an arrow by a centaur warrior

Illustrated notes

Levels and vault maps discovered:
D:1:      onia_arrival_handbag, layout_basic, kennysheep_crisscross
D:2:      layout_basic, dreamdust_ecumenical_altar_drowned_temple, uniq_terence
D:3:      layout_basic, old_standard_altar, corexii_hall_statues_u
D:4:      layout_basic, dancing_weapons_uskayaw, slow_altar_2, uniq_sigmund,
          uniq_duvessa
D:5:      layout_loops_corners, evilmike_ruin_ashenzari,
          minmay_temple_entry_statues_fountains
D:6:      layout_cave_pools, mainiacjoe_overflow_alcove_1,
          mainiacjoe_overflow_six_doors_small, ebering_ghost_disaster_area,
          chequers_serial_rivers_room_a
D:7:      layout_cave_pools, chequers_serial_rivers_micro_b
D:8:      cheibrodos_quashed, layout_layer_cave,
          nicolae_qazlal_general_emergency, trog_ov_bears_minmay,
          uniq_prince_ribbit1
D:9:      layout_gridville, mainiacjoe_overflow_brackets, amcnicky_altar_gilded,
          elyvilon_altar_3
D:10:     layout_basic, mainiacjoe_overflow_small_starburst,
          mainiacjoe_overflow_boulevard, grunt_ministairs_3,
          minmay_ruined_shrine
D:11:     layout_roguey, david_orc_3, uniq_nergalle
D:12:     layout_loops_ring, minmay_misc_feat_pillars
D:13:     layout_rooms, kennysheep_generic_room_2, uniq_jorgrun
Temple:   hellmonk_temple_divided_pantheon
Lair:1:   layout_cave_pods, uniq_harold
Lair:2:   layout_cave_pods, minmay_swamp_entry_reptiles,
          minmay_snake_entry_six_corridors, grunt_megastairs_3

Skill      XL: |  1  2  3  4  5  6  7  8  9 10 11 12 |
---------------+-------------------------------------+-----
Dodging        | 2 3 4 5 6 7 |  7.9
Evocations     | 1 2 3 4 5 6 7 8 |  8.2
Ranged Weapons | 1 2 3 4 5 6 7 |  7.5
Armour         | 1 2 3 4 5 6 7 |  7.5
Fighting       | 4 5 6 7 8 9 |  9.0
Throwing       | 1 2 3 4 5 6 |  6.0
Axes           | 1 2 3 4 5 6 |  6.3
Shields        | 2 4 5 |  5.5
Polearms       | |  1.7
Stealth        | |  4.5

Action                   |  1- 3 |  4- 6 |  7- 9 | 10-12 || total
-------------------------+-------+-------+-------+-------++-------
Melee: Whip              |       |       |    13 |    29 ||    42
       Tailslap          |       |       |     2 |     5 ||     7
 Fire: Sling             |    39 |   123 |   300 |   702 ||  1164
Throw: Dart              |       |       |       |     3 ||     3
       Boomerang         |       |       |       |     8 ||     8
       Throwing net      |       |       |       |     2 ||     2
Evoke: Wand              |       |       |       |    13 ||    13
  Use: Scroll            |     1 |     2 |       |    22 ||    25
       Potion            |       |       |     3 |     7 ||    10
 Stab: Invisible         |       |       |     2 |       ||     2
       Paralysed         |       |       |       |     6 ||     6
       Distracted        |       |       |       |     1 ||     1
Armor: Leather armour    |     2 |       |       |       ||     2
       Ring mail         |       |     2 |    42 |    82 ||   126
       Skin              |       |       |       |    15 ||    15
Dodge: Dodged            |     5 |    11 |   180 |   323 ||   519
Block: Kite shield       |       |       |       |   261 ||   261

Table legend: (Time is in decaauts)
 A = Elapsed time spent in this place.
 B = Non-inter-level travel time spent in this place.
 C = Inter-level travel time spent in this place.
 D = Time resting spent in this place.
 E = Time spent auto-exploring this place.
 F = Levels seen in this place.
 G = Mean time per level.
                   A        B        C        D        E       F      G
               +--------+--------+--------+--------+--------+-----+--------+
         Total |  19541 |  18240 |   1301 |   1065 |  14289 |  16 | 1221.3 |
       Dungeon |  16081 |  14954 |   1127 |   1049 |  11632 |  13 | 1237.0 |
        Temple |    109 |     52 |     57 |      0 |      6 |   1 |  109.0 |
          Lair |   3350 |   3233 |    117 |     16 |   2651 |   2 | 1675.0 |
               +--------+--------+--------+--------+--------+-----+--------+

Top non-repeatable levels by time:
    D:10: 2671 daAuts
    D:11: 2102 daAuts
  Lair:1: 1970 daAuts
     D:8: 1937 daAuts
     D:9: 1486 daAuts
     D:4: 1429 daAuts
  Lair:2: 1379 daAuts
     D:5: 1298 daAuts
    D:12: 1053 daAuts
     D:1: 1051 daAuts
     D:3: 960 daAuts
     D:2: 704 daAuts
     D:6: 683 daAuts
     D:7: 535 daAuts
    D:13: 168 daAuts
